 Dungeon Crawl Stone Soup version 0.31-a0-466-g98c9adc2b6 (webtiles) character file.

Game seed: 2439155987164316553

14802 Xavori the Unseen (level 12, -10/72 HPs)
             Began as an Octopode Chaos Knight on Aug 5, 2023.
             Was a Plaything of Xom.
             Mangled by a catoblepas (15 damage)
             ... while petrified by a catoblepas
             ... on level 1 of the Lair of Beasts.
             The game lasted 00:18:07 (21202 turns).

Xavori the Unseen (Octopode Chaos Knight)          Turns: 21202, Time: 00:18:08

Health: -10/72     AC:  9    Str:  6 (9)  XL:     12   Next: 20%
Magic:  10/10      EV:  2    Int: 18 (19) God:    Xom [.....*]
Gold:   632        SH:  0    Dex: 21 (24) Spells: 11/11 levels left

rFire   . . .        k - +1 dagger (venom)
rCold   . . .        y - +0 buckler
rNeg    + + +        s - +1 hat
rPois   ∞            (no amulet)
rElec   .            r - ring of flight
rCorr   +            t - +6 ring of intelligence
SInv    +            B - ring of resist corrosion
Will    +....        (no ring)
Stlth   +++++++      (no ring)
HPRegen 0.32/turn    (no ring)
MPRegen 0.12/turn    (no ring)
                     (no ring)

%: no passive effects
@: petrified, flying
A: almost no armour, amphibious, 8 rings, camouflage 1, gelatinous body 1,
(nimble swimmer 1), tentacles, fangs 1, iridescent scales 3, large bone plates
1, see invisible, agile 2, frail 1, low MP 1, strong-willed 1, poison
resistance, shaggy fur 1, noise suppression
a: Renounce Religion


You were on level 1 of the Lair of Beasts.
You worshipped Xom.
You were Xom's teddy bear.
You visited 2 branches of the dungeon, and saw 11 of its levels.
You also visited: Sewer.

You collected 882 gold pieces.
You spent 250 gold pieces at shops.

Inventory:

Hand Weapons
 a - a +0 short sword of protection
 k - a +1 dagger of venom (weapon)
 q - the +7 quarterstaff of a sewer {antimagic, rPois rC+}
   (You found it in a sewer)

   rC:        It protects you from cold.
   rPois:     It protects you from poison.
Missiles
 n - a curare-tipped dart
Armour
 s - a +1 hat (worn)
 y - a +0 buckler (worn)
Jewellery
 r - a ring of flight (left tentacle)
 t - a +6 ring of intelligence (right tentacle)
 B - a ring of resist corrosion (on tentacle)
 H - an amulet of reflection
Wands
 v - a wand of polymorph (4)
 x - a wand of paralysis (3)
 z - a wand of mindburst (9)
Scrolls
 b - a scroll of butterflies
 c - 11 scrolls of identify
 e - 4 scrolls of enchant armour
 g - 2 scrolls of fear
 m - 2 scrolls of teleportation
 p - 2 scrolls of blinking
 u - a scroll of fog
 A - a scroll of amnesia
Potions
 d - a potion of cancellation {unknown}
 f - a potion of degeneration
 h - a potion of magic
 i - a potion of ambrosia {unknown}
 j - 3 potions of heal wounds {unknown}
 l - a potion of might {unknown}
 o - 12 potions of curing
 w - a potion of mutation {unknown}
 C - 2 potions of lignification {unknown}
 D - 2 potions of brilliance {unknown}
 E - a potion of resistance {unknown}
 G - a potion of haste {unknown}
Miscellaneous
 F - a phial of floods (inert)


   Skills:
 + Level 7.4 Fighting
 + Level 9.7 Short Blades
 + Level 9.0 Dodging
 + Level 15.2 Stealth
 + Level 7.2 Shields
 + Level 2.2 Evocations


You had 11 spell levels left.
You didn't know any spells.
Your spell library contained the following spells:

 Spells                   Type           Power      Damage    Failure   Level
 Hailstorm                Conj/Ice       0%         3d3       69%         3
 Summon Ice Beast         Ice/Summ       0%         N/A       97%         4
 Conjure Ball Lightning   Conj/Air       0%         3x3d6     100%        6
 Simulacrum               Ice/Necr       0%         N/A       100%        6
 Discord                  Hex            0%         N/A       100%        8
 Disjunction              Tloc           0%         N/A       100%        8


Dungeon Overview and Level Annotations

Branches:
Dungeon (10/15)            Temple (0/1) D:6            Lair (1/5) D:8
  Sewer (visited)
    Orc: D:9-12

Altars:
Dithmenos
Elyvilon
Fedhas
Gozag
Hepliaklqana
Kikubaaqudgha
Ru
Uskayaw
Vehumet
Wu Jian
Xom
Yredelemnul
Zin
Jiyva

Shops:
D:2 =   D:5 *   D:7 ?

Annotations:
D:5 1 runed translucent door, Crazy Yiuf
D:8 3 runed translucent doors, klm127's ghost, novice TrSh


Innate Abilities, Weirdness & Mutations

You cannot wear most types of armour.
You are amphibious.
You can wear up to eight rings at the same time.
Your skin changes colour to match your surroundings (Stealth+).
Your rubbery body absorbs attacks. (AC +1, EV +1)
((You are camouflaged when in or above water. (Stealth+)))
You have tentacles for arms and can constrict up to eight enemies at once.
You have very sharp teeth.
You are completely covered in iridescent scales. (AC +6)
You are partially covered in large bone plates. (SH +4)
You have supernaturally acute eyesight. (SInv)
You are very agile. (Dex +8, Str/Int -2)
You are frail. (-10% HP)
Your magical capacity is low. (-10% MP)
You are strong-willed. (Will+)
Your system is resistant to poisons. (rPois)
You are covered in fur. (AC +1)
You passively dampen the noise of your surroundings.


Message History

Unknown command.
Unknown command.
Okay, then.
Aim the phial where?
Press: ? - help, Shift-Dir - straight line, f - catoblepas
Aim: a catoblepas (calcifying dust)
The torrent of water hits the catoblepas.
The catoblepas is lightly wounded.
The catoblepas is engulfed in water.
The wave splashes down.
You are engulfed in calcifying dust.
The catoblepas gores you!
Your limbs are stiffening.
Unknown command.
Unknown command.
Unknown command.
Unknown command.
Unknown command.
The catoblepas attacks as you move away!
The catoblepas gores you!!
The bullfrog is engulfed in calcifying dust.
The bullfrog is moving more slowly.
The catoblepas breathes a plume of calcifying dust at you.
The blast of calcifying dust hits you!
You have turned to stone.
You are engulfed in calcifying dust.
The bullfrog is engulfed in calcifying dust.
The bullfrog stops moving altogether!
The bullfrog is engulfed in calcifying dust.
The catoblepas gores you!
The bullfrog is engulfed in calcifying dust.
You are engulfed in calcifying dust.
The catoblepas is no longer waterlogged.
The bullfrog is engulfed in calcifying dust. x2
The catoblepas gores you!!
* * * LOW HITPOINT WARNING * * *
You are engulfed in calcifying dust.
The catoblepas gores you!
* * * LOW HITPOINT WARNING * * *
You are engulfed in calcifying dust.
The catoblepas gores you!
* * * LOW HITPOINT WARNING * * *
The catoblepas gores you!!
You die...
Xom cackles wildly!

.......... #######P+# ##.#
###..# ## #...# ##### #### .##
###'#.### #...#.... ..#
####.......# #...#..####
..###..'.......### #..........
..'....#.......'@###~..##....#
..######.......#~YF'..........
..## #.......######....###.
...# ###.##### #.......# ####
### ###.##### ###


You could see a catoblepas and a bullfrog (petrified).

Vanquished Creatures
  3 two-headed ogres
  A cyclops (D:10)
  A shining eye (D:9)
  A salamander (shapeshifter) (D:10)
  2 gargoyles (D:10)
  A kobold demonologist (D:9)
  2 yaktaurs (D:10)
  2 cane toads (Lair:1)
  2 komodo dragons (Lair:1)
  A troll (D:10)
  A polar bear (Lair:1)
  3 hornets
  A slime creature (D:9)
  8 yaks
  A vampire (D:10)
  3 wraiths
  2 wyverns
  3 basilisks (D:8)
  4 steam dragons
  An acid dragon (D:7)
  8 water moccasins
  A hornet zombie (D:7)
  2 orc warriors
  2 sky beasts
  6 black bears
  An ice beast (D:5)
  7 centaurs
  3 ogres
  A wolf (D:8)
  A phantom (D:4)
  A kobold brigand (D:10)
  5 bullfrogs
  4 scorpions
  4 wights (D:9)
  A killer bee (D:10)
  2 howler monkeys
  2 bullfrog zombies (D:7)
  9 hounds
  A jelly (D:5)
  11 orc priests
  A gnoll bouda (D:9)
  A sleepcap (D:8)
  6 iguanas
  5 orc wizards
  3 killer bee zombies (D:7)
  A howler monkey zombie (D:7)
  11 gnolls
  9 adders
  3 river rats (D:5)
  A shadow imp (D:6)
  4 white imps
  4 ufetubi (D:5)
  3 dart slugs
  29 orcs
  7 endoplasms
  9 giant cockroaches
  2 goblins
  8 hobgoblins
  5 jackals
  10 quokkas
  14 ball pythons
  3 bats
  11 frilled lizards
  5 kobolds
  3 rats
273 creatures vanquished.

Vanquished Creatures (collateral kills)
  An ogre (D:5)
  A worm (D:4)
  A hobgoblin (D:4)
3 creatures vanquished.

Vanquished Creatures (others)
  A jelly (D:6)
1 creature vanquished.

Grand Total: 277 creatures vanquished

Notes
Turn   | Place    | Note
-------+----------+-------------------------------------------
     0 | D:1      | Xavori the Octopode Chaos Knight began the quest for the
                  | Orb.
     0 | D:1      | Reached XP level 1. HP: 16/16 MP: 1/1
   190 | D:1      | Reached XP level 2. HP: 21/21 MP: 2/2
   496 | D:1      | XOM: silly message
  1532 | D:1      | XOM is BORED!
  1532 | D:1      | XOM: noise
  1767 | D:1      | XOM: silly message
  2136 | D:1      | XOM is BORED!
  2569 | D:1      | XOM: silly message
  3017 | D:1      | XOM: divination: detect items
  4497 | D:1      | XOM: noise
  5125 | D:1      | XOM: give mutations
  5125 | D:1      | Gained mutation: You are frail. (-10% HP) [Xom's mischief]
  5125 | D:1      | Gained mutation: You have very sharp teeth. [Xom's
                  | mischief]
  5125 | D:1      | Gained mutation: You are partially covered in iridescent
                  | scales. (AC +2) [Xom's mischief]
  5125 | D:1      | Gained mutation: You are agile. (Dex +4, Str/Int -1) [Xom's
                  | mischief]
  5506 | D:1      | XOM is BORED!
  5516 | D:1      | XOM: silly message
  5852 | D:1      | XOM: noise
  6519 | D:1      | XOM: torment (10/18 hp)
  6824 | D:1      | XOM: divination: magic mapping
  7179 | D:1      | XOM: give mutation
  7179 | D:1      | Gained mutation: Your system is resistant to poisons.
                  | (rPois) [Xom's grace]
  7240 | D:1      | XOM: 2-stop teleportation journey
  7639 | D:1      | XOM: divination: detect creatures
  8850 | D:1      | XOM: scenery: create altars
  9041 | D:1      | XOM: summons 2 hostile demons
  9042 | D:1      | Noticed a crimson imp
  9042 | D:1      | Noticed a crimson imp
  9052 | D:2      | XOM: give mutation
  9052 | D:2      | Gained mutation: You are covered in fur. (AC +1) [Xom's
                  | grace]
  9080 | D:2      | XOM: give mutation
  9080 | D:2      | Gained mutation: You are partially covered in large bone
                  | plates. (SH +4) [Xom's grace]
  9100 | D:2      | Reached skill level 1 in Stealth
  9246 | D:2      | Found Kolumivu's Jewellery Shoppe.
  9246 | D:2      | XOM: 2-stop teleportation journey
  9251 | D:2      | Reached XP level 3. HP: 23/23 MP: 3/3
  9441 | D:2      | XOM: give mutations
  9441 | D:2      | Gained mutation: Your flesh is heat resistant. (rF+) [Xom's
                  | grace]
  9441 | D:2      | Gained mutation: You possess an exceptional clarity of
                  | mind. [Xom's grace]
  9769 | D:2      | Found a faded altar of an unknown god.
 10014 | D:3      | Reached skill level 2 in Stealth
 10043 | D:3      | Noticed a +0 short sword
 10043 | D:3      | Noticed a +0 spear
 10044 | D:3      | Noticed a +0 dagger
 10047 | D:3      | Noticed a +0 short sword
 10049 | D:3      | Noticed a +0 dagger
 10049 | D:3      | Noticed a +0 falchion
 10052 | D:3      | Noticed a +0 falchion
 10073 | D:3      | Found a white marble altar of Elyvilon.
 10088 | D:3      | Reached XP level 4. HP: 18/27 MP: 4/4
 10145 | D:3      | Found a blossoming altar of Fedhas.
 10175 | D:3      | Reached skill level 3 in Stealth
 10190 | D:3      | Found a sacrificial altar of Ru.
 10226 | D:3      | XOM: polymorph gnoll -> ball python
 10469 | D:3      | Found a hide-covered altar of Uskayaw.
 10469 | D:3      | Noticed a +0 spear
 10469 | D:3      | You fall into a shaft and drop 2 floors!
 10469 | D:5      | Entered Level 5 of the Dungeon
 10482 | D:5      | Noticed a scorpion
 10482 | D:5      | XOM: god gift: wand of acid (4)
 10488 | D:5      | Killed a scorpion
 10489 | D:5      | Reached skill level 4 in Stealth
 10489 | D:5      | Reached XP level 5. HP: 28/32 MP: 5/5
 10511 | D:5      | Found a glowing drain.
 10567 | Sewer    | Entered a sewer
 10596 | Sewer    | Reached XP level 6. HP: 32/38 MP: 6/6
 10662 | Sewer    | Identified the +3 broad axe "Gomn" {drain, rF- rCorr Str+3
                  | Int+4}
 10667 | Sewer    | Reached skill level 5 in Stealth
 10676 | Sewer    | Identified the +7 quarterstaff of a sewer {antimagic, rPois
                  | rC+}
 10851 | D:5      | Noticed a black bear
 10876 | D:5      | Killed a black bear
 10877 | D:5      | Reached skill level 6 in Stealth
 10877 | D:5      | Reached skill level 1 in Shields
 10877 | D:5      | Reached XP level 7. HP: 12/42 MP: 7/7
 10936 | D:5      | XOM: god gift: scroll labelled MIDAHU BIKLAUN {god gift}
 11059 | D:4      | Reached skill level 5 in Short Blades
 11309 | D:4      | XOM: scenery: summon butterflies
 11431 | D:4      | XOM: enchant monster (good)
 11435 | D:4      | Reached skill level 7 in Stealth
 11648 | D:4      | XOM: 1-stop teleportation journey
 11753 | D:4      | XOM: torment (23/43 hp)
 11877 | D:4      | XOM: give mutations
 11877 | D:4      | Gained mutation: You passively map a small area around you.
                  | [Xom's grace]
 11877 | D:4      | Gained mutation: One of your tentacles bears a spike.
                  | [Xom's grace]
 11877 | D:4      | Gained mutation: You are mostly covered in iridescent
                  | scales. (AC +4) [Xom's grace]
 12096 | D:4      | XOM: scenery: 2 doors close
 12142 | D:5      | XOM: scenery: summon butterflies
 12147 | D:5      | Reached skill level 8 in Stealth
 12147 | D:5      | Reached XP level 8. HP: 44/48 MP: 8/8
 12459 | D:5      | XOM: cloud trail
 12472 | D:5      | Found Nefaonk's Assorted Antiques.
 12582 | D:5      | XOM: potion effect (might)
 12584 | D:5      | Reached skill level 9 in Stealth
 12639 | D:5      | XOM: noise
 12728 | D:5      | Reached XP level 9. HP: 47/54 MP: 9/9
 12933 | D:5      | Reached skill level 5 in Dodging
 12933 | D:5      | Reached skill level 10 in Stealth
 12941 | D:5      | Reached skill level 5 in Fighting
 13077 | D:5      | XOM is BORED!
 13077 | D:5      | XOM: summons 5 hostile demons
 13088 | D:5      | XOM: god gift: murky ruby potion {god gift}
 13167 | D:5      | XOM: god gift: 53 gold pieces
 13252 | D:5      | XOM: give mutations
 13252 | D:5      | Gained mutation: You are completely covered in iridescent
                  | scales. (AC +6) [Xom's grace]
 13252 | D:5      | Gained mutation: You are strong-willed. (Will+) [Xom's
                  | grace]
 13252 | D:5      | Gained mutation: You have supernaturally acute eyesight.
                  | (SInv) [Xom's grace]
 13269 | D:5      | Found a runed translucent door.
 13270 | D:5      | Noticed Crazy Yiuf
 13429 | D:6      | XOM: destruction
 13461 | D:6      | XOM: cleaving
 13628 | D:6      | Found a staircase to the Ecumenical Temple.
 13854 | D:6      | XOM: give mutation
 13854 | D:6      | Lost mutation: You passively map a small area around you.
                  | [Xom's mischief]
 13855 | D:6      | Found a glowing silver altar of Zin.
 13968 | D:6      | Found an opulent altar of Gozag.
 14186 | D:7      | Found Ecvaiwaa's Magic Scroll Emporium.
 14366 | D:7      | XOM: 4-stop teleportation journey
 14469 | D:7      | XOM: scenery: create altars
 14659 | D:7      | Noticed a hornet
 14685 | D:7      | Killed a hornet
 14686 | D:7      | Reached skill level 11 in Stealth
 14688 | D:7      | XOM: summons friendly crimson imp
 14709 | D:7      | Reached XP level 10. HP: 58/60 MP: 10/10
 14774 | D:7      | XOM: enchant monster (good)
 14783 | D:7      | Found a basalt altar of Yredelemnul.
 15272 | D:7      | XOM: give mutations
 15272 | D:7      | Gained mutation: You have hidden genetic defects. [Xom's
                  | mischief]
 15272 | D:7      | Lost mutation: Your flesh is heat resistant. (rF+) [Xom's
                  | mischief]
 15444 | D:7      | XOM: enchant monster (bad)
 15582 | D:8      | XOM: stealth player
 15595 | D:8      | Reached skill level 12 in Stealth
 15644 | D:8      | Found a staircase to the Lair.
 15649 | D:8      | XOM: enchant monster (bad)
 15650 | D:8      | XOM: polymorph water moccasin -> steam dragon
 15651 | D:8      | XOM: destruction
 15955 | D:7      | XOM: polymorph orc -> adder
 15956 | D:7      | XOM: enchant monster (good)
 16081 | D:8      | Lost mutation: You possess an exceptional clarity of mind.
                  | [hidden defects]
 16143 | D:8      | XOM: confuse monster(s)
 16403 | D:8      | XOM: divination: magic mapping
 16412 | D:8      | Gained mutation: Your magical capacity is low. (-10% MP)
                  | [hidden defects]
 16412 | D:8      | Lost mutation: You have hidden genetic defects. [hidden
                  | defects expressed]
 16430 | D:8      | Reached skill level 13 in Stealth
 16432 | D:8      | XOM: give mutations
 16432 | D:8      | Lost mutation: One of your tentacles bears a spike. [Xom's
                  | mischief]
 16432 | D:8      | Lost mutation: Your system is resistant to poisons. (rPois)
                  | [Xom's mischief]
 16538 | D:8      | Found a runed translucent gate.
 16538 | D:8      | Found a runed translucent gate.
 16539 | D:8      | Found a runed translucent gate.
 16539 | D:8      | Noticed klm127's ghost (novice TrSh)
 16758 | D:8      | Found a shadowy altar of Dithmenos.
 16943 | D:8      | XOM: draining
 16977 | D:8      | Found a viscous altar of Jiyva.
 17049 | D:7      | XOM: noise
 17138 | D:5      | Bought a scroll of blinking for 150 gold pieces
 17138 | D:5      | Bought a garnet ring for 100 gold pieces
 17284 | D:9      | Noticed a kobold demonologist
 17286 | D:9      | Killed a kobold demonologist
 17453 | D:9      | Reached skill level 5 in Shields
 17533 | D:9      | Noticed a two-headed ogre
 17535 | D:9      | Killed a two-headed ogre
 17536 | D:9      | Reached XP level 11. HP: 66/66 MP: 9/9
 17632 | D:9      | Found an ornate altar of the Wu Jian Council.
 17731 | D:9      | XOM: enchant monster (bad)
 17769 | D:9      | XOM: silly message
 17809 | D:9      | XOM: draining
 17825 | D:9      | XOM: potion effect (invisibility)
 17837 | D:9      | XOM: silly message
 17842 | D:9      | XOM: silly message
 18018 | D:9      | XOM: noise
 18038 | D:9      | XOM: confuse monster(s)
 18043 | D:9      | Reached skill level 14 in Stealth
 18136 | D:9      | XOM: noise
 18221 | D:9      | XOM: silly message
 18227 | D:9      | a very large slime creature changed into a shining eye
 18227 | D:9      | Noticed a shining eye
 18227 | D:9      | XOM: polymorph very large slime creature -> shining eye
 18233 | D:9      | Killed a shining eye
 18325 | D:9      | Found an ancient bone altar of Kikubaaqudgha.
 18359 | D:10     | Entered Level 10 of the Dungeon
 18359 | D:10     | Found a radiant altar of Vehumet.
 18359 | D:10     | Found a hazy altar of Hepliaklqana.
 18568 | D:10     | XOM is BORED!
 18658 | D:10     | XOM: confuse monster(s)
 18793 | D:9      | XOM: silly message
 19209 | D:10     | a spriggan changed into a salamander
 19209 | D:10     | Noticed a salamander (shapeshifter)
 19229 | D:10     | Killed a salamander
 19255 | D:10     | Reached skill level 1 in Evocations
 19612 | D:10     | Noticed a two-headed ogre
 19618 | D:10     | Killed a two-headed ogre
 19700 | D:10     | XOM: summons 1 hostile demon
 19796 | D:10     | Noticed a cyclops
 19798 | D:10     | Noticed a two-headed ogre
 19819 | D:10     | XOM: enchant monster (bad)
 19829 | D:10     | Killed a cyclops
 19844 | D:10     | XOM: fake destruction
 19845 | D:10     | Killed a two-headed ogre
 19846 | D:10     | Reached XP level 12. HP: 32/72 MP: 10/10
 20327 | Lair:1   | Entered Level 1 of the Lair of Beasts
 20628 | Lair:1   | Reached skill level 15 in Stealth
 20633 | Lair:1   | Noticed a catoblepas
 20642 | Lair:1   | XOM: 3-stop teleportation journey
 20710 | Lair:1   | XOM: potion effect (invisibility)
 20719 | Lair:1   | XOM: cleaving
 20888 | Lair:1   | XOM: confuse monster(s)
 20893 | Lair:1   | XOM: give mutations
 20893 | Lair:1   | Gained mutation: You are very agile. (Dex +8, Str/Int -2)
                  | [Xom's grace]
 20893 | Lair:1   | Gained mutation: Your system is resistant to poisons.
                  | (rPois) [Xom's grace]
 20893 | Lair:1   | Gained mutation: You passively dampen the noise of your
                  | surroundings. [Xom's grace]
 20895 | Lair:1   | XOM: polymorph komodo dragon -> polar bear
 20902 | Lair:1   | XOM: summons 2 friendly demons
 21186 | Lair:1   | Noticed a catoblepas
 21202 | Lair:1   | Mangled by a catoblepas

Illustrated notes

Levels and vault maps discovered:
D:1:      wander_arrival_estate, layout_rooms, wad_floor_pattern_untrapped
D:2:      layout_basic, serial_shops, shop,
          shapermc_ecumenical_altar_totnotflames
D:3:      minmay_wonky_spiral, layout_basic, nicolae_uskayaw_en_pointe,
          mainiacjoe_overflow_tiny_flanked, fedhas_altar_3, lemuel_doored_altar,
          kennysheep_another_room, nrook_mini_vaults
D:4:      layout_cave_pools, kennysheep_generic_room_5
D:5:      minmay_inner_zag, layout_rooms, portal_sewer_entry_b, serial_shops,
          nicolae_shop_tiny_glass, nzn_random_ring, uniq_crazy_yiuf_cottage
D:6:      layout_rooms, mainiacjoe_overflow_small_starburst,
          mainiacjoe_overflow_catwalk, minmay_temple_entry_arrows
D:7:      cheibrodos_iron_armory, layout_layer_cave,
          nicolae_yredelemnul_corpse_copse, serial_shops,
          nicolae_shop_waterfront
D:8:      layout_loops_ring, mainiacjoe_overflow_surrounded_room,
          minmay_lair_entry_grove, gammafunk_ghost_ooze, minmay_fountain_box
D:9:      layout_roguey, lemuel_coloured_pillars_altar, general_overflow_altar,
          hangedman_abyss_or_decor_stabs, dk_noncrumbling_2
D:10:     nzn_winding_woodlands_cross [nzn_winding_woodlands_5x15_longhouse,
          nzn_winding_woodlands_5x15_garden, nzn_winding_woodlands_5x15_crooked,
          nzn_winding_woodlands_5x15_sidewinder,
          nzn_winding_woodlands_15x15_five_gardens], layout_loops_ring,
          chequers_temple_overflow_statue_of_worship
Lair:1:   layout_roguey

Skill      XL: |  1  2  3  4  5  6  7  8  9 10 11 12 |
---------------+-------------------------------------+-----
Stealth        | 1 2 4 6 8 9 11 13 14 15 | 15.2
Short Blades   | 4 5 6 7 8 9 |  9.7
Dodging        | 3 4 6 7 8 9 |  9.0
Shields        | 1 3 5 6 7 |  7.2
Fighting       | 4 5 6 7 |  7.4
Evocations     | 2 |  2.2

Action                     |  1- 3 |  4- 6 |  7- 9 | 10-12 || total
---------------------------+-------+-------+-------+-------++-------
  Melee: Short sword       |    43 |       |   216 |   218 ||   477
         Tentacles         |    14 |    20 |    75 |   158 ||   267
         Constrict         |    15 |    26 |    58 |    55 ||   154
         Bite              |     8 |    18 |    59 |    91 ||   176
         Dagger            |    27 |    97 |    77 |   265 ||   466
         Kick              |       |       |   128 |    62 ||   190
         Punch             |       |       |     7 |    16 ||    23
  Evoke: Wand              |       |       |       |    11 ||    11
         Phial of floods   |       |       |       |     1 ||     1
    Use: Scroll            |     5 |       |     9 |     1 ||    15
         Potion            |       |       |       |     3 ||     3
   Stab: Sleeping          |     7 |     9 |    18 |    20 ||    54
         Confused          |     1 |       |       |     2 ||     3
         Distracted        |       |       |     1 |     2 ||     3
         Petrifying        |       |       |       |     2 ||     2
         Petrified         |       |       |       |     1 ||     1
         Invisible         |       |       |       |     6 ||     6
         Paralysed         |       |       |       |     1 ||     1
 Armour: Skin              |     8 |     6 |    72 |    56 ||   142
  Dodge: Dodged            |    35 |    45 |   146 |   217 ||   443
  Block: Other             |     8 |    12 |    34 |       ||    54
         Buckler           |       |       |     9 |   152 ||   161

Table legend: (Time is in decaauts)
 A = Elapsed time spent in this place.
 B = Non-inter-level travel time spent in this place.
 C = Inter-level travel time spent in this place.
 D = Time resting spent in this place.
 E = Time spent auto-exploring this place.
 F = Levels seen in this place.
 G = Mean time per level.
                   A        B        C        D        E       F      G
               +--------+--------+--------+--------+--------+-----+--------+
         Total |  20886 |  20311 |    575 |  11237 |   6770 |  12 | 1740.5 |
       Dungeon |  19780 |  19206 |    574 |  10910 |   6408 |  10 | 1978.0 |
          Lair |    851 |    851 |      0 |    327 |    247 |   1 |  851.0 |
         Sewer |    253 |    253 |      0 |      0 |    115 |   1 |  253.0 |
               +--------+--------+--------+--------+--------+-----+--------+

Top non-repeatable levels by time:
     D:1: 9037 daAuts
     D:7: 1911 daAuts
     D:9: 1719 daAuts
     D:5: 1418 daAuts
    D:10: 1231 daAuts
     D:8: 1104 daAuts
     D:3: 1032 daAuts
     D:2: 881 daAuts
  Lair:1: 851 daAuts
     D:4: 797 daAuts
     D:6: 646 daAuts
   Sewer: 253 daAuts
